 Dungeon Crawl Stone Soup version 0.21.2 (webtiles) character file.

13038 Hercules1031 the Cleaver (level 12, 0/111 HPs)
             Began as a Hill Orc Fighter on Jan 28, 2019.
             Was a Believer of Ashenzari.
             Slain by an alligator (15 damage)
             ... on level 1 of the Swamp.
             The game lasted 00:28:23 (10146 turns).

Hercules1031 the Cleaver (Hill Orc Fighter)        Turns: 10146, Time: 00:28:23

Health: 0/111      AC: 23    Str: 32    XL:     12   Next: 1%
Magic:  12/12      EV: 18    Int: 10    God:    Ashenzari [**....]
Gold:   86         SH: 17    Dex: 10    Spells: 11/11 levels left

rFire    . . .     SeeInvis .   a - +2 war axe
rCold    + . .     Gourm    .   c - +4 shield (curse)
rNeg     . . .     Faith    .   m - +3 scale mail {rC+}
rPois    .         Spirit   .   n - +2 helmet (curse)
rElec    .         Reflect  .   k - +2 cloak (curse)
rCorr    .         Harm     .   (no gloves)
MR       .....                  D - +0 pair of boots (curse)
Stlth    ..........             j - amulet of regeneration (curse)
HPRegen  0.68/turn              q - +5 ring of evasion (curse)
MPRegen  0.13/turn              t - +3 ring of strength

@: mighty, very slow
A: rugged brown scales 1, thin metallic scales 1, clever 1
a: Curse Item, Scrying, Renounce Religion


You were on level 1 of the Swamp.
You worshipped Ashenzari.
Ashenzari was pleased with you.
You were not hungry.

You visited 4 branches of the dungeon, and saw 12 of its levels.
You also visited: Ice Cave.

You collected 246 gold pieces.
You spent 160 gold pieces at shops.

Inventory:

Hand Weapons
 a - a +2 war axe (weapon)
 r - a +0 fustibalus
Armour
 b - a +0 scale mail
 c - a cursed +4 shield (worn)
 k - a cursed +2 cloak (worn)
 m - a +3 scale mail of cold resistance (worn)
 n - a cursed +2 helmet (worn)
 w - a +2 helmet
 B - the cursed +0 chain mail of the Blind Marksman {rCorr Str-4 Int+6 SInv}
   (You found it on level 2 of the Lair of Beasts)

   It affects your strength (-4).
   It affects your intelligence (+6).
   It lets you see invisible.
   It protects you from acid and corrosion.
   It has a curse placed upon it.
 D - a cursed +0 pair of boots (worn)
Magical Staves
 z - an uncursed staff of poison
Jewellery
 i - an uncursed ring of fire
 j - a cursed amulet of regeneration (around neck)
 q - a cursed +5 ring of evasion (left hand)
 s - an uncursed ring of see invisible
 t - a +3 ring of strength (right hand)
Wands
 o - a wand of iceblast (13)
 x - a wand of digging (7)
Scrolls
 e - 7 scrolls of teleportation
 l - 12 scrolls of identify
 p - a scroll of fear
 u - 2 scrolls of magic mapping
Potions
 g - 2 potions of lignification
 v - a potion of invisibility
Books
 y - a book of Air

   Spells                             Type                      Level
   a - Shock                          Conjuration/Air              1
   b - Swiftness                      Charms/Air                   2
   c - Static Discharge               Conjuration/Air              3
   d - Airstrike                      Air                          4
   e - Lightning Bolt                 Conjuration/Air              5
 A - a book of Changes

   Spells                             Type                      Level
   a - Beastly Appendage              Transmutation                1
   b - Sticks to Snakes               Transmutation                2
   c - Spider Form                    Transmutation/Poison         3
   d - Ice Form                       Ice/Transmutation            4
   e - Blade Hands                    Transmutation                5
Comestibles
 f - 9 rations


   Skills:
 + Level 10.7 Fighting
 + Level 11.3 Axes
 + Level 9.9(11.2) Armour
 + Level 7.2(8.7) Dodging
 + Level 9.8(11.1) Shields


You had 11 spell levels left.
You didn't know any spells.

Dungeon Overview and Level Annotations

Branches:
Dungeon (8/15)             Temple (1/1) D:6            Lair (2/6) D:8
  Swamp (1/4) Lair:2
  Snake: Lair:2-4    Spider: Lair:2-4

Altars:
Ashenzari
Cheibriados
Dithmenos
Elyvilon
Fedhas
Gozag
Hepliaklqana
Kikubaaqudgha
Makhleb
Nemelex Xobeh
Okawaru
Qazlal
Ru
Sif Muna
Trog
Uskayaw
Vehumet
Wu Jian
Xom
Yredelemnul
Zin
The Shining One

Shops:
D:5 *   D:7 (

Annotations:
D:8 Maurice, Prince Ribbit


Innate Abilities, Weirdness & Mutations

You are partially covered in rugged brown scales. (AC +1, +3% HP)
You are partially covered in thin metallic scales. (AC +2)
Your mind is acute. (Int +2)


Message History

You completely miss the alligator. The alligator misses you.
You block the alligator's attack.
The alligator bites you but does no damage.
The alligator barely misses you.
Unknown command.
Your unstable footing causes you to fumble your attack.
The alligator bites you!!
* * * LOW HITPOINT WARNING * * *
You block the alligator's attack. x2; The alligator misses you.
The alligator bites you but does no damage.
The alligator closely misses you.
Unknown command.
Your unstable footing causes you to fumble your attack.
You block the alligator's attack. The alligator completely misses you.
The alligator closely misses you. You block the alligator's attack. x2
The alligator barely misses you.
Unknown command.
Your unstable footing causes you to fumble your attack.
The alligator bites you!
You die...

≈≈ , , ♣...≈
* * ♣...≈ ≈ *
♣..$ ♣♣♣♣ *
♣...* ♣≈... ,
♣..♣♣♣...♣
♣.≈.♣..♣ ,
♣♣≈≈..≈.♣♣♣♣.
*
♣..<≈@≈..≈...
*
♣♣.♣♣tt.♣♣≈≈.
, ♣♣*♣≈...♣,
, ♣♣.≈≈≈≈.*,
*♣♣..♣♣ *
...♣* * ..♣
... * , ,


You could see 2 alligators.

Vanquished Creatures
  A hydra (Lair:1)
  A two-headed ogre (D:7)
  Pikel (D:8)
  An ugly thing (IceCv)
  7 spiny frogs
  2 komodo dragons
  2 ice devils (Lair:1)
  A troll (D:7)
  3 hippogriffs
  Eustachio (D:4)
  8 yaks (Lair:2)
  2 basilisks
  Menkaure (D:7)
  5 water moccasins
  3 porcupines
  A slave (D:8)
  2 orc warriors
  9 ice beasts
  A black bear (D:7)
  3 ogres
  4 phantoms
  A centaur (D:6)
  4 crocodiles
  5 bullfrogs
  3 gnoll sergeants (D:7)
  A water moccasin zombie (D:6)
  5 scorpions
  4 killer bees (D:8)
  4 wights (D:7)
  4 howler monkeys
  4 crimson imps
  5 hounds
  A jelly (D:5)
  2 centaur skeletons
  3 orc priests
  2 orc wizards
  3 iron imps (D:3)
  2 iguanas
  Terence (D:2)
  Natasha (thrice) (D:2 D:3)
  6 worker ants
  Robin (D:2)
  16 gnolls
  7 adders
  2 shadow imps
  2 adder zombies
  3 oozes
  An adder skeleton (D:8)
  2 worms
  5 dart slugs
  3 leopard geckos
  26 orcs
  2 ball pythons
  6 bats
  8 giant cockroaches
  15 goblins
  7 hobgoblins
  18 jackals
  8 kobolds
  3 quokkas
  7 frilled lizards
  A leopard gecko skeleton (D:4)
  2 quokka zombies (D:6)
  7 rats
  A fungus (Lair:2)
275 creatures vanquished.

Vanquished Creatures (others)
  A killer bee (D:8)
  A worker ant (D:8)
  3 fungi (Lair:2)
  2 plants (Lair:2)
7 creatures vanquished.

Grand Total: 282 creatures vanquished

Notes
Turn   | Place    | Note
-------+----------+-------------------------------------------
     0 | D:1      | Hercules1031 the Hill Orc Fighter began the quest for the Orb.
     0 | D:1      | Reached XP level 1. HP: 19/19 MP: 1/1
    21 | D:1      | Reached skill level 3 in Axes
    21 | D:1      | Reached XP level 2. HP: 10/27 MP: 2/2
   536 | D:1      | Reached XP level 3. HP: 33/33 MP: 3/3
  1231 | D:2      | Noticed Terence
  1242 | D:2      | Killed Terence
  1242 | D:2      | Reached XP level 4. HP: 27/40 MP: 4/4
  1315 | D:2      | Noticed Natasha
  1322 | D:2      | Killed Natasha
  1322 | D:2      | Reached skill level 1 in Dodging
  1433 | D:2      | Reached XP level 5. HP: 36/47 MP: 5/5
  1712 | D:2      | Noticed Robin
  1724 | D:2      | Killed Robin
  1724 | D:2      | Reached skill level 4 in Axes
  1773 | D:2      | Found an iron altar of Okawaru.
  2167 | D:3      | Found a white marble altar of Elyvilon.
  2228 | D:3      | Found a basalt altar of Yredelemnul.
  2499 | D:3      | Noticed Natasha
  2508 | D:3      | Killed Natasha
  2508 | D:3      | Reached XP level 6. HP: 46/53 MP: 6/6
  2565 | D:3      | Noticed Natasha
  2576 | D:3      | Killed Natasha
  2683 | D:3      | Found a burning altar of Makhleb.
  3182 | D:4      | Reached skill level 5 in Fighting
  3289 | D:4      | Reached XP level 7. HP: 55/61 MP: 7/7
  3303 | D:4      | Reached skill level 5 in Axes
  3597 | D:4      | Reached skill level 5 in Armour
  3673 | D:4      | Reached skill level 5 in Shields
  3911 | D:4      | Noticed Eustachio
  3924 | D:4      | Gained mutation: You are partially covered in rugged brown scales. (AC +1, +3% HP) [potion of mutation]
  3924 | D:4      | Gained mutation: Your mind is acute. (Int +2) [potion of mutation]
  3924 | D:4      | Gained mutation: You are partially covered in thin metallic scales. (AC +2) [potion of mutation]
  3951 | D:4      | Killed Eustachio
  3951 | D:4      | Reached XP level 8. HP: 70/72 MP: 8/8
  4043 | D:5      | Entered Level 5 of the Dungeon
  4055 | D:5      | Reached skill level 6 in Axes
  4113 | D:5      | Found Hinaun's Assorted Antiques.
  4424 | D:5      | Bought a green potion for 16 gold pieces
  4452 | D:5      | Bought a dented filigree amulet for 90 gold pieces
  4906 | D:6      | Reached skill level 7 in Axes
  4906 | D:6      | Reached XP level 9. HP: 78/80 MP: 9/9
  5286 | D:6      | Found a deep blue altar of Sif Muna.
  5290 | D:6      | Found an iron altar of Okawaru.
  5604 | D:6      | Found a staircase to the Ecumenical Temple.
  5615 | Temple   | Entered the Ecumenical Temple
  5623 | Temple   | Became a worshipper of Ashenzari the Shackled
  5900 | D:5      | Bought a scroll of remove curse for 54 gold pieces
  6200 | D:7      | Found a stormy altar of Qazlal.
  6241 | D:7      | Noticed a two-headed ogre
  6257 | D:7      | Killed a two-headed ogre
  6293 | D:7      | Reached skill level 8 in Axes
  6457 | D:7      | Noticed a troll
  6467 | D:7      | Killed a troll
  6467 | D:7      | Reached skill level 5 in Dodging
  6502 | D:7      | Reached XP level 10. HP: 87/90 MP: 10/10
  6637 | D:7      | Found a shimmering altar of Xom.
  6644 | D:7      | Found a hide-covered altar of Uskayaw.
  6706 | D:7      | Reached * piety under Ashenzari
  6729 | D:7      | Found Zaicakeph's Antique Weapon Shop.
  7105 | D:7      | Noticed Menkaure
  7113 | D:7      | Killed Menkaure
  7531 | D:8      | Reached skill level 9 in Axes
  7543 | D:8      | Found a staircase to the Lair.
  7767 | D:8      | Found a sparkling altar of Nemelex Xobeh.
  7876 | D:8      | Noticed Maurice
  7947 | D:8      | Noticed Pikel
  7965 | D:8      | Killed Pikel
  8128 | D:8      | Noticed Prince Ribbit
  8374 | Lair:1   | Entered Level 1 of the Lair of Beasts
  8374 | Lair:1   | Noticed a spiny frog
  8383 | Lair:1   | Killed a spiny frog
  8416 | Lair:1   | Found a frozen archway.
  8500 | IceCv    | Entered an ice cave
  8510 | IceCv    | Reached XP level 11. HP: 82/99 MP: 11/11
  8512 | IceCv    | Reached skill level 10 in Axes
  8530 | IceCv    | Noticed a white ugly thing
  8541 | IceCv    | Killed a white ugly thing
  9039 | Lair:1   | Reached skill level 10 in Fighting
  9228 | Lair:1   | Noticed a six-headed hydra
  9244 | Lair:1   | Killed a nine-headed hydra
  9250 | Lair:1   | Reached ** piety under Ashenzari
  9554 | Lair:2   | Reached skill level 11 in Axes
  9685 | Lair:2   | Got the cursed chain mail of the Blind Marksman {rCorr Str-4 Int+6 SInv}
  9727 | Lair:2   | Found a staircase to the Swamp.
  9879 | Lair:2   | Reached XP level 12. HP: 111/111 MP: 12/12
 10122 | Swamp:1  | Entered Level 1 of the Swamp
 10122 | Swamp:1  | Noticed an alligator
 10122 | Swamp:1  | Noticed an alligator
 10146 | Swamp:1  | Slain by an alligator

Skill      XL: |  1  2  3  4  5  6  7  8  9 10 11 |
---------------+----------------------------------+-----
Axes           | 3 4 5 7 8 9 11 | 11.3
Fighting       | 4 5 6 8 9 10 | 10.7
Armour         | 4 5 6 7 8 9 |  9.9
Dodging        | 1 2 3 4 5 6 7 |  7.2
Shields        | 4 5 6 7 8 9 |  9.8

Action                   |  1- 3 |  4- 6 |  7- 9 | 10-12 || total
-------------------------+-------+-------+-------+-------++-------
Melee: War axe           |   110 |   194 |   296 |   515 ||  1115
Invok: Curse Item        |       |       |     2 |     4 ||     6
Evoke: Wand              |       |       |       |     5 ||     5
  Use: Potion            |     1 |     4 |     7 |     8 ||    20
       Scroll            |       |    12 |     1 |     8 ||    21
 Stab: Invisible         |       |       |     3 |       ||     3
  Eat: Ration            |     1 |     2 |     3 |     4 ||    10
Armor: Scale mail        |    60 |    97 |   122 |   149 ||   428
       Skin              |       |    29 |       |       ||    29
Dodge: Dodged            |    54 |    67 |   200 |   302 ||   623
Block: Shield            |    24 |   132 |   264 |   459 ||   879
       Buckler           |    24 |       |       |       ||    24
